 Dungeon Crawl Stone Soup version 0.30-a0-718-geaa24f58ff (webtiles) character file.

Game seed: 2162128895474146327

82 Newt the Shooter (level 4, 0/31 HPs)
             Began as a Kobold Hunter on Jan 25, 2023.
             Slain by Ijyb
             ... wielding a +0 dagger
              (4 damage)
             ... on level 3 of the Dungeon.
             The game lasted 00:01:39 (2205 turns).

Newt the Shooter (Kobold Hunter)                    Turns: 2205, Time: 00:01:40

Health: 0/31       AC:  4    Str:  8    XL:     4   Next: 70%
Magic:  4/4        EV: 14    Int: 10    God:
Gold:   135        SH:  0    Dex: 20    Spells: 3/3 levels left

rFire   . . .      SeeInvis .    a - +0 shortbow
rCold   . . .      Faith    .    (shield currently unavailable)
rNeg    . . .      Spirit   .    c - +1 leather armour
rPois   .          Reflect  .    (no helmet)
rElec   .          Harm     .    (no cloak)
rCorr   .          Rampage  .    (no gloves)
Will    .....                    (no boots)
Stlth   +++                      (no amulet)
HPRegen 0.25/turn                (no ring)
MPRegen 0.09/turn                (no ring)

@: no status effects
A: small, no large weapons, nightstalker 3
a: no special abilities


You were on level 3 of the Dungeon.
You visited 1 branch of the dungeon, and saw 3 of its levels.

You collected 135 gold pieces.

Inventory:

Hand Weapons
 a - a +0 shortbow (weapon)
Armour
 c - a +1 leather armour (worn)
 d - a +0 robe of the Archmagi
Wands
 l - a wand of roots (4)
Scrolls
 b - a scroll of immolation
 e - a scroll of noise
 g - 2 scrolls of enchant armour
 m - a scroll of vulnerability {unknown}
Potions
 f - a potion of invisibility {unknown}
 h - a potion of attraction {unknown}
 i - a potion of heal wounds {unknown}
 j - a potion of berserk rage {unknown}
 k - a potion of mutation {unknown}
 n - 2 potions of flight {unknown}


   Skills:
 - Level 5.0 Fighting
 + Level 5.3 Ranged Weapons
 - Level 2.4 Dodging
 - Level 1.3 Stealth


You had 3 spell levels left.
You didn't know any spells.
Your spell library was empty.

Dungeon Overview and Level Annotations

Branches:
Dungeon (3/15)

Altars:
Fedhas
Makhleb

Annotations:
D:3 Ijyb


Innate Abilities, Weirdness & Mutations

You are small and have problems with some larger weapons.
You are completely attuned to the shadows.


Message History

You kill the ball python!
No target in view!
No target in view!
No target in view!
No target in view!
No target in view!
Ijyb the Twisted Goblin comes into view.
She is wielding a +0 dagger, wearing a +2 ring mail of fire resistance and carrying a wand of roots (5).
You see here a yellow potion.
Ijyb is nearby!
You shoot an arrow. The arrow hits Ijyb.
Ijyb shouts!
Ijyb is lightly wounded.
You shoot an arrow. The arrow hits Ijyb but does no damage.
Ijyb is lightly wounded.
Ijyb zaps a wand.
The roots erupt in riotous growth!
The grasping roots grab you! The grasping roots constrict you.
You shoot an arrow. The arrow closely misses Ijyb.
The grasping roots constrict you!
A rat comes into view.
You shoot an arrow. The arrow completely misses Ijyb.
The arrow hits the rat!
You kill the rat!
Ijyb hits you with a +0 dagger. The grasping roots constrict you.
The grasping roots release their grip on you.
You are too injured to fight recklessly!
You are too injured to fight recklessly!
You are too injured to fight recklessly!
You are too injured to fight recklessly!
You are too injured to fight recklessly!
Ijyb is nearby!
Unknown command.
Okay, then.
You shoot an arrow. The arrow hits Ijyb.
Ijyb is moderately wounded.
Ijyb hits you with a +0 dagger.
* * * LOW HITPOINT WARNING * * *
Ijyb hits you with a +0 dagger.
* * * LOW HITPOINT WARNING * * *
Ijyb attacks as you move away! Ijyb hits you with a +0 dagger.
You die...

#.....###).>##
#.##### #####
#.#################
#..................
#..################
#..# #.. #..# #.#
#..# #.# #.@#
#####.# #.g#
#...... #..#
....... #..#
#.###.. #..#
...##.. .......
......#.#.
#.#.......
...(.....


You could see Ijyb.

Vanquished Creatures
  3 adders
  A dart slug (D:1)
  An orc (D:3)
  7 ball pythons
  A bat (D:2)
  5 endoplasms
  3 giant cockroaches
  8 goblins
  4 hobgoblins
  4 frilled lizards
  6 kobolds
  6 rats
49 creatures vanquished.

Notes
Turn   | Place    | Note
-------+----------+-------------------------------------------
     0 | D:1      | Newt the Kobold Hunter began the quest for the Orb.
     0 | D:1      | Reached XP level 1. HP: 12/12 MP: 1/1
   161 | D:1      | Reached XP level 2. HP: 17/19 MP: 2/2
   269 | D:1      | Reached XP level 3. HP: 23/23 MP: 3/3
  1230 | D:2      | Reached XP level 4. HP: 30/30 MP: 4/4
  1789 | D:3      | Found a burning altar of Makhleb.
  1974 | D:3      | Found a blossoming altar of Fedhas.
  2149 | D:3      | Reached skill level 5 in Fighting
  2199 | D:3      | Noticed Ijyb
  2205 | D:3      | Slain by Ijyb

Illustrated notes

Levels and vault maps discovered:
D:1:      dpeg_arrival_signposts, layout_rooms, minivault_14
D:2:      layout_basic
D:3:      layout_loops_ring, mainiacjoe_overflow_tiny_flanked, bloody_makhleb,
          mainiacjoe_overflow_alcove_4, uniq_ijyb

Skill      XL: |  1  2  3  4 |
---------------+-------------+-----
Fighting       | 3 4 5 |  5.0
Ranged Weapons | |  5.3
Dodging        | |  2.4
Stealth        | |  1.3

Action                     |  1- 3 |  4- 6 || total
---------------------------+-------+-------++-------
   Fire: Shortbow          |    70 |    33 ||   103
    Use: Scroll            |     3 |     2 ||     5
         Potion            |     1 |       ||     1
 Armour: Leather armour    |     5 |     3 ||     8
  Dodge: Dodged            |    20 |     7 ||    27

Table legend: (Time is in decaauts)
 A = Elapsed time spent in this place.
 B = Non-inter-level travel time spent in this place.
 C = Inter-level travel time spent in this place.
 D = Time resting spent in this place.
 E = Time spent auto-exploring this place.
 F = Levels seen in this place.
 G = Mean time per level.
                   A        B        C        D        E       F      G
               +--------+--------+--------+--------+--------+-----+--------+
         Total |   2234 |   2191 |     43 |    142 |   1807 |   3 |  744.7 |
       Dungeon |   2234 |   2191 |     43 |    142 |   1807 |   3 |  744.7 |
               +--------+--------+--------+--------+--------+-----+--------+

Top non-repeatable levels by time:
     D:2: 905 daAuts
     D:1: 807 daAuts
     D:3: 521 daAuts
